Map: Oxide LE

Players

Serral

  • Race: Zerg Zerg
  • Spawn Location: 1:00

llllllllllll (Oliveira) - Winner!

  • Race: Terran Terran
  • Spawn Location: 7:00

Event: DreamHack SC2 Masters 2020 Winter

VOD

Have the link to the VOD?

Description

Time

  • Played on: Nov. 14, 2020, 10 a.m.
  • Length: 7:29

All games in this series

Show
View Real Time Build Order
Export as new Build Order

Serral Zerg 

Build Orders: 3 Hatch before Pool 

Get SALT Encoding   

  12  0:00  Drone  
  13  0:12  Overlord  
  13  0:17  Drone  
  14  0:30  Drone x2  
  14  0:34  Drone  
  17  0:51  Hatchery  
  17  0:55  Drone  
  17  1:15  Hatchery  
  17  1:18  Drone  
  17  1:32  Spawning Pool  
  16  1:34  Drone  
  16  1:37  Drone  
  18  1:40  Drone  
  19  1:50  Drone  
  20  2:01  Drone  
  21  2:04  Drone  
  22  2:11  Overlord  
  22  2:19  Queen x2  
  22  2:20  Zergling x2  
  22  2:22  Zergling x2  
  28  2:27  Queen  
  30  2:30  Drone  
  30  2:32  Drone  
  30  2:36  Drone  
  33  2:38  Extractor  
  33  2:43  Drone  
  33  2:45  Overlord  
  33  2:48  Zergling x4  
  33  2:49  Zergling x2  
  36  2:53  Drone  
  36  2:57  Queen  
  39  2:59  Drone  
  39  3:04  Drone  
  41  3:07  Zergling x2  
  41  3:10  Drone  
  43  3:15  Drone, Roach Warren  
  43  3:18  Overlord  
  43  3:27  Drone x2  
  43  3:31  Drone  
  43  3:33  Drone  
  44  3:37  Drone  
  44  3:38  Drone  
  44  3:47  Drone, Hatchery  
  42  3:48  Drone  
  42  3:51  Drone  
  42  3:55  Extractor  
  43  4:00  Drone, Metabolic Boost  
  43  4:01  Drone  
  45  4:09  Overlord  
  45  4:13  Roach  
  45  4:14  Roach x2  
  51  4:21  Overlord  
  51  4:26  Overlord  
  51  4:27  Queen  
  51  4:29  Roach x2  
  57  4:36  Roach  
  59  4:39  Overlord  
  59  4:41  Queen  
  59  4:43  Roach x2  
  64  4:50  Roach x2  
  64  4:51  Roach  
  68  4:56  Overlord  
  68  5:00  Drone x4  
  68  5:02  Queen  
  70  5:08  Drone x2  
  70  5:09  Ravager  
  70  5:13  Roach  
  68  5:14  Drone x2  
  68  5:15  Drone x2  
  68  5:20  Lair  
  72  5:22  Zergling x4  
  72  5:25  Drone  
  75  5:29  Evolution Chamber  
  75  5:30  Evolution Chamber  
  75  5:33  Drone x2, Extractor  
  74  5:35  Extractor  
  74  5:36  Drone  
  74  5:40  Overlord  
  74  5:41  Drone x3  
  77  5:49  Drone  
  78  5:52  Drone x5  
  83  6:00  Overlord  
  83  6:09  Roach x4  
  90  6:12  Extractor  
  90  6:13  Extractor  
  90  6:15  Drone x3  
  91  6:19  Zergling x6  
  91  6:22  Overseer  
  91  6:24  Zergling x8  
  98  6:39  Drone x2  
  98  6:42  Drone  
  98  6:43  Drone x2  
  98  6:44  Drone x4  
  105  6:47  Overlord x2  
  105  6:49  Ravager  
  105  6:51  Overlord  
  106  6:54  Overlord  
  106  6:55  Spine Crawler  
  106  6:56  Ravager  
  106  7:06  Roach x5  
  116  7:11  Hatchery  
Show
View Real Time Build Order
Export as new Build Order

llllllllllll Terran - Winner!

Build Orders:  

Get SALT Encoding   

  12  0:00  SCV  
  13  0:13  SCV  
  14  0:17  Supply Depot  
  14  0:25  SCV  
  15  0:39  SCV  
  15  0:40  Barracks  
  16  0:44  Refinery  
  16  0:51  SCV  
  17  1:03  SCV  
  18  1:15  SCV  
  19  1:28  Orbital Command  
  19  1:32  Barracks Reactor  
  19  1:40  Command Center  
  19  1:51  Supply Depot  
  19  1:54  SCV  
  20  2:03  Bunker  
  20  2:06  SCV  
  21  2:09  Marine x2  
  23  2:16  Barracks  
  23  2:18  SCV  
  24  2:26  Marine x2  
  26  2:32  SCV  
  26  2:36  Barracks  
  27  2:44  SCV  
  27  2:46  Marine x2  
  30  2:52  Orbital Command  
  30  2:57  SCV  
  31  3:03  Barracks Tech Lab  
  31  3:04  Marine x2  
  33  3:09  SCV  
  34  3:15  Refinery  
  33  3:23  Marine  
  33  3:24  Marine x2, Stimpack  
  36  3:32  Marine  
  36  3:38  SCV  
  36  3:41  Marine  
  36  3:42  Marine  
  36  3:46  Marine  
  39  3:50  Marine  
  39  3:52  Supply Depot  
  40  3:57  SCV  
  40  3:58  SCV  
  40  3:59  Marine  
  40  4:00  Marine  
  44  4:04  Marine  
  44  4:08  Marine  
  46  4:10  Factory  
  46  4:13  SCV  
  46  4:17  Marine, Orbital Command  
  47  4:18  Supply Depot  
  47  4:22  Marine  
  49  4:26  Marine  
  51  4:32  Barracks Reactor  
  51  4:33  SCV  
  51  4:34  Marine  
  52  4:43  SCV  
  52  4:44  Supply Depot  
  52  4:45  SCV  
  54  4:46  Marine  
  54  4:48  Marine, Engineering Bay  
  56  4:55  Starport  
  56  4:57  Factory Reactor  
  56  5:03  Combat Shield  
  56  5:05  SCV, Marine  
  56  5:06  SCV  
  55  5:10  Supply Depot  
  55  5:11  Marine  
  55  5:13  Marine  
  55  5:14  Marine  
  50  5:17  SCV  
  50  5:18  Terran Infantry Weapons Level 1  
  50  5:20  SCV  
  52  5:23  Marine  
  54  5:29  Marine, SCV  
  54  5:31  Marine  
  54  5:32  Marauder  
  54  5:34  SCV  
  59  5:38  Factory Tech Lab  
  59  5:39  Medivac x2  
  59  5:41  SCV, Marine  
  65  5:44  Supply Depot  
  65  5:47  SCV, Supply Depot  
  65  5:48  Marine  
  67  5:50  Marine x2  
  67  5:56  Marine  
  70  5:57  Siege Tank  
  70  5:59  SCV  
  70  6:00  SCV  
  75  6:04  Marine  
  75  6:07  Refinery  
  75  6:09  Supply Depot, Marine x2  
  78  6:14  Medivac  
  78  6:15  Medivac  
  78  6:18  SCV x2  
  84  6:20  Marine  
  84  6:24  Marine x2  
  87  6:27  Marine  
  88  6:33  Marine, Command Center  
  87  6:41  Marine  
  87  6:42  Marine  
  87  6:45  SCV  
  90  6:47  Marine, Refinery  
  90  6:49  Siege Tank  
  90  6:51  SCV  
  90  6:52  Marine  
  96  6:55  Supply Depot  
  96  6:59  Marine x2  
  96  7:00  Supply Depot  
  99  7:01  SCV  
  99  7:03  Marine  
  99  7:05  SCV  
Tags
 
Add a new tag
Caveats
  • Supply blocks, unpowered buildings, or Contaminate may cause inaccurate times.
  • Supply counts are checked every 10 seconds.